 Dungeon Crawl Stone Soup version 0.28-a0-909-g796cbd3a86 (webtiles) character file.

Game seed: 12752901458181171730

7 snetch the Chopper (level 1, -2/20 HPs)
             Began as a Minotaur Berserker on Nov 24, 2021.
             Was a Follower of Trog.
             Slain by a kobold (4 damage)
             ... on level 1 of the Dungeon.
             The game lasted 00:00:10 (21 turns).

snetch the Chopper (Minotaur Berserker)               Turns: 21, Time: 00:00:11

Health: -2/20      AC:  2    Str: 21    XL:     1   Next: 83%
Magic:  0/0        EV: 12    Int:  4    God:    Trog [*.....]
Gold:   0          SH:  0    Dex:  9    Spells: 0/0 levels left

rFire   . . .      SeeInvis .   a - +0 hand axe
rCold   . . .      Faith    .   (no shield)
rNeg    . . .      Spirit   .   b - +0 animal skin
rPois   .          Reflect  .   (helmet restricted)
rElec   .          Harm     .   (no cloak)
rCorr   .          Rampage  .   (no gloves)
Will    .....                   (no boots)
Stlth   +.........              (no amulet)
HPRegen 0.06/turn               (no ring)
MPRegen 0.07/turn               (no ring)

@: no status effects
A: horns 2, retaliatory headbutt
a: Renounce Religion, Berserk


You were on level 1 of the Dungeon.
You worshipped Trog.
Trog was aware of your devotion.
You visited 1 branch of the dungeon, and saw 1 of its levels.

Inventory:

Hand Weapons
 a - a +0 hand axe (weapon)
Armour
 b - a +0 animal skin (worn)


   Skills:
 + Level 3.9 Fighting
 + Level 3.9 Axes
 + Level 2.5 Armour
 + Level 2.2 Dodging


You couldn't memorise any spells.
You didn't know any spells.
Your spell library was empty.

Dungeon Overview and Level Annotations

Branches:
Dungeon (1/15)

Altars:


Innate Abilities, Weirdness & Mutations

You have a pair of horns on your head.
You reflexively headbutt those who attack you in melee.


Message History

The dart slug launches a dart at you. The slug dart hits you.
You are too injured to fight recklessly!
You are too injured to fight recklessly!
Unknown command.
You are too injured to fight recklessly!
A kobold comes into view. It is wielding a +0 whip.
The dart slug launches a dart at you. The slug dart misses you.
You hit the dart slug.
The dart slug is heavily wounded.
You closely miss the goblin. The goblin hits you with a +0 club.
You hit the dart slug.
The dart slug is severely wounded.
You miss the goblin. The dart slug closely misses you.
The goblin barely misses you.
Unknown command.
You hit the goblin.
You kill the goblin!
Trog accepts your kill.
You hit the dart slug. The dart slug bites you.
A hobgoblin comes into view. It is wielding a +0 rapier.
The hobgoblin shouts!
The dart slug launches a dart at you. The slug dart hits you.
* * * LOW HITPOINT WARNING * * *
Things that are here:
a +0 club; a goblin corpse You hit the dart slug but do no damage.
You headbutt the dart slug.
You kill the dart slug!
Trog accepts your kill.
A hobgoblin comes into view.
The hobgoblin moves out of view.
Unknown command.
You closely miss the kobold. The kobold barely misses you.
You hit the kobold.
You headbutt the kobold, but do no damage.
The kobold is severely wounded.
The kobold hits you with a +0 whip.
You die...

###...........
............# #.
#..........###
..###.#.....[.....
...............#
##.............##
###........†....... .
#..........@K...#
#.#.##......†.....#
#.....##...†....g..#
#.....#)............#
.....................
######.######.......
##≈≈≈≈#'#≈≈≈≈##......
#≈≈≈≈≈#.#≈÷≈○≈#......
#≈≈#≈≈#.#≈≈#≈≈# ...


You could see a hobgoblin and a kobold.

Vanquished Creatures
  A dart slug (D:1)
  A bat (D:1)
  A goblin (D:1)
  A quokka (D:1)
4 creatures vanquished.

Notes
Turn   | Place    | Note
-------+----------+-------------------------------------------
     0 | D:1      | snetch the Minotaur Berserker began the quest for the Orb.
     0 | D:1      | Reached XP level 1. HP: 19/19 MP: 0/0
    18 | D:1      | HP: 1/20 [dart slug/slug dart (6)]
    21 | D:1      | Slain by a kobold

Illustrated notes

Levels and vault maps discovered:
D:1:      saegor_arrival_miasma, layout_rooms, nicolae_grassy_gnolls

Action                   || total
-------------------------++-------
Melee: Hand axe          ||     9
       Headbutt          ||     2
Dodge: Dodged            ||     5

Table legend: (Time is in decaauts)
 A = Elapsed time spent in this place.
 B = Non-inter-level travel time spent in this place.
 C = Inter-level travel time spent in this place.
 D = Time resting spent in this place.
 E = Time spent auto-exploring this place.
 F = Levels seen in this place.
 G = Mean time per level.
                   A        B        C        D        E       F      G
               +--------+--------+--------+--------+--------+-----+--------+
         Total |     22 |     22 |      0 |      0 |      7 |   1 |   22.0 |
       Dungeon |     22 |     22 |      0 |      0 |      7 |   1 |   22.0 |
               +--------+--------+--------+--------+--------+-----+--------+

Top non-repeatable levels by time:
     D:1: 22 daAuts
